 Dungeon Crawl Stone Soup version 0.29-a0-1027-gcd8c55af63 (webtiles) character file.

Game seed: 8315425930764079475

89 Drevant2 the Slasher (level 4, 0/49 HPs)
             Began as a Demonspawn Gladiator on Aug 13, 2022.
             Slain by an orc
             ... wielding a +0 short sword of electrocution
              (20 damage)
             ... on level 3 of the Dungeon.
             The game lasted 00:05:15 (2560 turns).

Drevant2 the Slasher (Demonspawn Gladiator)         Turns: 2560, Time: 00:05:16

Health: 0/49       AC: 22    Str: 14    XL:     4   Next: 31%
Magic:  4/4        EV:  2    Int: 10    God:
Gold:   104        SH:  0    Dex: 16    Spells: 3/3 levels left

rFire   + . .      SeeInvis .   t - +6 hammer "Imebud" {vorpal, rF+}
rCold   . . .      Faith    .   (no shield)
rNeg    . . .      Spirit   .   (body armour currently unavailable)
rPois   +          Reflect  .   (helmet currently unavailable)
rElec   .          Harm     .   (cloak currently unavailable)
rCorr   .          Rampage  .   (gloves currently unavailable)
Will    .....      NoTele   +   (boots currently unavailable)
Stlth   ++........              (no amulet)
HPRegen 0.16/turn               (no ring)
MPRegen 0.09/turn               (no ring)

@: tree-form
A: stationary, stasis, torment immunity, boosted hp, ignite blood 1, (weakness
stinger 2)
a: no special abilities


You were on level 3 of the Dungeon.
You were a tree.
You visited 1 branch of the dungeon, and saw 3 of its levels.

You collected 104 gold pieces.

Inventory:

Hand Weapons
 a - a +0 long sword
 t - the +6 hammer "Imebud" (weapon) {vorpal, rF+}
   (You found it on level 2 of the Dungeon)

   It inflicts extra damage upon your enemies.
   rF:        It protects you from fire.
Missiles
 d - 3 throwing nets (quivered)
 e - a javelin
Armour
 b - a +0 leather armour (melded)
 c - a +0 helmet (melded)
 l - a +0 pair of boots (melded)
Wands
 m - a wand of roots (5)
 u - a wand of polymorph (10)
Scrolls
 j - 3 scrolls of teleportation {unknown}
 k - a scroll of fear {unknown}
Potions
 g - 2 potions of degeneration {unknown}
 i - a potion of brilliance {unknown}
 n - a potion of lignification
 o - 2 potions of curing {unknown}
 p - a potion of cancellation
 q - 2 potions of flight
 s - a potion of haste {unknown}


   Skills:
 - Level 2.0 Fighting
 - Level 4.3 Long Blades
 * Level 0.2 Maces & Flails
 - Level 1.7 Throwing
 + Level 1.2 Armour
 - Level 2.6 Dodging
 + Level 0.4 Stealth


You had 3 spell levels left.
You didn't know any spells.
Your spell library was empty.

Dungeon Overview and Level Annotations

Branches:
Dungeon (3/15)

Altars:
Qazlal

Shops:
D:3 *


Innate Abilities, Weirdness & Mutations

You are a tree.
Your roots penetrate the ground, keeping you stationary.
You cannot be teleported.
You are immune to unholy pain and torment.
Your maximum health is greatly increased.
Your equipment is partially melded.
Your demonic aura sometimes causes spilled blood to erupt in flames.
((You have a tail ending in a sharp stinger.))


Message History

As you read the scroll of identify, it crumbles to dust.
q - 2 potions of flight 2 orcs come into view.
The orc shouts!
You hear a shout!
The orc moves out of view.
An orc is nearby!
An orc is nearby!
An orc comes into view. It is wielding a +0 whip.
An orc comes into view.
It is wielding a +0 short sword of electrocution.
The orc misses you.
You closely miss the orc. The orc hits you but does no damage.
You hit the orc.
The orc is heavily wounded.
The orc is engulfed in blazing flames.
You kill the orc!
The orc shouts!
You hear an angry hiss.
The orc closely misses you.
You see here a +0 whip.
You sock the orc!
You kill the orc!
You closely miss the orc. The orc misses you.
The orc hits you with a +0 short sword of electrocution.
You are electrocuted!!
Ouch! That really hurt!
* * * LOW HITPOINT WARNING * * *
You are too injured to fight recklessly!
You are too injured to fight recklessly!
Really quaff the potion of lignification?
You turn into a tree.
Your +0 helmet melds into your body.
Your +0 pair of boots melds into your body.
Your +0 leather armour melds into your body.
Your roots penetrate the ground.
The orc hits you but does no damage.
You hit the orc.
The orc is heavily wounded.
The orc hits you but does no damage.
You closely miss the orc.
The orc is heavily wounded.
The orc barely misses you. The orc hits you but does no damage.
You are electrocuted!!
You die...

# #.###
#######......
# #....♣oo..#
#. #.#
#.#####.#.#
####.###.# #.#
#
.........###.#
...........#.#
.##.....##.#.#
.##.....##.#.#
.............#
.##.....##.###


You could see 2 orcs.

Vanquished Creatures
  Crazy Yiuf (D:2)
  A worm (D:2)
  2 dart slugs
  2 orcs (D:3)
  7 ball pythons
  3 bats
  6 endoplasms
  A giant cockroach (D:1)
  4 goblins
  6 hobgoblins
  5 jackals
  A quokka (D:2)
  3 frilled lizards
  2 kobolds
  2 rats
  A spectral goblin (D:2)
47 creatures vanquished.

Notes
Turn   | Place    | Note
-------+----------+-------------------------------------------
     0 | D:1      | Drevant2 the Demonspawn Gladiator began the quest for the
                  | Orb.
     0 | D:1      | Reached XP level 1. HP: 16/16 MP: 1/1
    20 | D:1      | Reached skill level 3 in Long Blades
   197 | D:1      | Gained mutation: You have a small tail. [demonic ancestry]
   197 | D:1      | Reached XP level 2. HP: 15/22 MP: 2/2
  1071 | D:1      | Gained mutation: You have a tail ending in a sharp stinger.
                  | [demonic ancestry]
  1071 | D:1      | Reached XP level 3. HP: 27/27 MP: 3/3
  1843 | D:2      | Found a faded altar of an unknown god.
  1924 | D:2      | Reached skill level 4 in Long Blades
  2124 | D:2      | Found a runed translucent door.
  2125 | D:2      | Noticed Crazy Yiuf
  2132 | D:2      | Killed Crazy Yiuf
  2133 | D:2      | Reached skill level 1 in Armour
  2133 | D:2      | Gained mutation: Your demonic aura sometimes causes spilled
                  | blood to erupt in flames. [demonic ancestry]
  2133 | D:2      | Reached XP level 4. HP: 24/33 MP: 4/4
  2137 | D:2      | Identified the +6 hammer "Imebud" {vorpal, rF+}
  2273 | D:3      | Found a stormy altar of Qazlal.
  2382 | D:3      | Found Onuirphi's Assorted Antiques.
  2560 | D:3      | Slain by an orc

Illustrated notes

Levels and vault maps discovered:
D:1:      dpeg_arrival_windows_large_door, layout_loops_ring, st_stairs_5,
          minmay_misc_feat_roman, nicolae_concentric_dashed_squares_wild
D:2:      layout_basic, dreamdust_ecumenical_altar_drowned_temple,
          uniq_crazy_yiuf_cottage
D:3:      layout_loops_ring, mainiacjoe_overflow_chevrons, okawaru_gym_becter,
          serial_shops, shop

Skill      XL: |  1  2  3 |
---------------+----------+-----
Long Blades    | 3 4 |  4.3
Armour         | 1 |  1.2
Fighting       | |  2.0
Maces & Flails | |  0.2
Throwing       | |  1.7
Dodging        | |  2.6
Stealth        | |  0.4

Action                   |  1- 3 |  4- 6 || total
-------------------------+-------+-------++-------
Melee: Long sword        |   106 |       ||   106
       Tailslap          |     8 |       ||     8
       Punch             |     1 |       ||     1
       Mace              |       |    10 ||    10
  Use: Scroll            |       |     5 ||     5
       Potion            |       |     1 ||     1
 Stab: Sleeping          |     3 |       ||     3
       Distracted        |       |     1 ||     1
Armor: Leather armour    |    24 |     1 ||    25
       Skin              |       |     3 ||     3
Dodge: Dodged            |    67 |     4 ||    71

Table legend: (Time is in decaauts)
 A = Elapsed time spent in this place.
 B = Non-inter-level travel time spent in this place.
 C = Inter-level travel time spent in this place.
 D = Time resting spent in this place.
 E = Time spent auto-exploring this place.
 F = Levels seen in this place.
 G = Mean time per level.
                   A        B        C        D        E       F      G
               +--------+--------+--------+--------+--------+-----+--------+
         Total |   2593 |   2518 |     75 |    488 |   1676 |   3 |  864.3 |
       Dungeon |   2593 |   2518 |     75 |    488 |   1676 |   3 |  864.3 |
               +--------+--------+--------+--------+--------+-----+--------+

Top non-repeatable levels by time:
     D:1: 1283 daAuts
     D:2: 1004 daAuts
     D:3: 306 daAuts
